 Dungeon Crawl Stone Soup version 0.21-a0-401-g0b6bec4 (webtiles) character file.

53 Kriby the Fighter (level 3, 0/42 HPs)
             Began as a Gnoll Wanderer on Oct 25, 2017.
             Slain by Terence
             ... wielding a +2 vampiric trident
              (6 damage)
             ... on level 3 of the Dungeon.
             The game lasted 00:01:41 (1626 turns).

Kriby the Fighter (Gnoll Wanderer)                  Turns: 1626, Time: 00:01:42

Health: 0/42       AC:  5    Str: 17    XL:     3   Next: 87%
Magic:  4/4        EV:  8    Int: 14    God:
Gold:   84         SH:  7    Dex: 12    Spells: 4/4 levels left

rFire    . . .     SeeInvis .   d - +0 mace
rCold    . . .     Gourm    .   m - +0 shield
rNeg     . . .     Faith    .   c - +0 ring mail
rPois    .         Spirit   .   (no helmet)
rElec    .         Reflect  .   (no cloak)
rCorr    .         Harm     .   (no gloves)
MR       .....                  (no boots)
Stlth    ++........             (no amulet)
HPRegen  0.14/turn              t - ring of flight
MPRegen  0.09/turn              (no ring)

@: no status effects
A: distributed training, fangs 1, strong nose
a: Evoke Flight


You were on level 3 of the Dungeon.
You were hungry.

You visited 1 branch of the dungeon, and saw 3 of its levels.

You collected 84 gold pieces.

Inventory:

Hand Weapons
 b - a +2 blowgun
 d - a +0 mace (weapon)
 e - a +0 dagger
Missiles
 a - 11 curare-tipped needles
Armour
 c - a +0 ring mail (worn)
 m - a +0 shield (worn)
Jewellery
 t - a ring of flight (left hand)
Scrolls
 i - 3 scrolls of remove curse {unknown}
 j - 2 scrolls of enchant weapon {unknown}
 k - a scroll of fear {unknown}
 l - 2 scrolls of recharging {unknown}
 n - 5 scrolls of identify {unknown}
 o - 3 scrolls of fog {unknown}
 s - a scroll of enchant armour {unknown}
Potions
 p - 2 potions of curing {unknown}
 q - a potion of invisibility {unknown}
 r - a potion of brilliance {unknown}
 u - a potion of might {unknown}
Comestibles
 f - a bread ration
 g - a chunk of flesh
 h - a royal jelly


   Skills:
 + Level 10.3 Fighting
 + Level 1.0 Short Blades
 + Level 1.0 Long Blades
 + Level 1.0 Axes
 + Level 2.6 Maces & Flails
 + Level 1.0 Polearms
 + Level 1.0 Staves
 + Level 1.0 Slings
 + Level 1.0 Bows
 + Level 1.0 Crossbows
 + Level 2.6 Throwing
 + Level 2.6 Armour
 + Level 1.0 Dodging
 + Level 4.2 Stealth
 + Level 1.0 Shields
 + Level 1.0 Unarmed Combat
 + Level 1.0 Spellcasting
 + Level 0.7 Conjurations
 + Level 0.7 Hexes
 + Level 0.7 Charms
 + Level 0.7 Summonings
 + Level 0.7 Necromancy
 + Level 0.7 Translocations
 + Level 0.7 Transmutations
 + Level 0.7 Fire Magic
 + Level 0.7 Ice Magic
 + Level 0.7 Air Magic
 + Level 0.7 Earth Magic
 + Level 0.7 Poison Magic
 + Level 1.0 Invocations
 + Level 1.0 Evocations


You had 4 spell levels left.
You didn't know any spells.

Dungeon Overview and Level Annotations

Branches:
Dungeon (3/15)

Altars:
Qazlal
The Shining One

Annotations:
D:3 Terence


Innate Abilities, Weirdness & Mutations

Your experience applies equally to all skills.
You have very sharp teeth.
Your uncanny sense of smell can sniff out nearby items.


Message History

You hit Terence. Your bite misses Terence.
Terence is almost dead.
Terence hits you but does no damage. The crimson imp hits you.
* * * LOW HITPOINT WARNING * * *
Terence barely misses you.
You hit Terence.
Terence is almost dead.
The crimson imp hits you but does no damage.
Terence hits you with a vampiric trident.
* * * LOW HITPOINT WARNING * * *
The crimson imp hits you but does no damage.
You hit Terence but do no damage.
Terence is almost dead.
You block Terence's attack. The crimson imp hits you.
* * * LOW HITPOINT WARNING * * *
Your shield prevents you from hitting Terence.
Terence is almost dead.
The crimson imp hits you but does no damage.
Terence hits you with a vampiric trident.
You die...

.....###
#......#
#..)...#
#......#
#......#
#.....†#
#......#
#...@..#
##...@..#
#....5..#
#.......#
#.#######
#. # ∆


You could see Terence and a crimson imp.

Vanquished Creatures
  A worm (D:2)
  3 leopard geckos
  2 giant cockroaches
  7 goblins
  8 hobgoblins
  6 kobolds
  A ball python (D:1)
  6 bats
  6 frilled lizards
  4 rats (D:1)
44 creatures vanquished.

Notes
Turn   | Place    | Note
-------+----------+-------------------------------------------
     0 | D:1      | Reached skill level 10 in Fighting
     0 | D:1      | Kriby the Gnoll Wanderer began the quest for the Orb.
     0 | D:1      | Kriby set off with: 4 curare-tipped needles, a +2 blowgun, a +0 ring mail, a +0 mace, a +0 dagger, a bread ration
     0 | D:1      | Reached XP level 1. HP: 28/28 MP: 1/1
   157 | D:1      | Reached XP level 2. HP: 35/36 MP: 2/2
   431 | D:1      | Reached XP level 3. HP: 35/42 MP: 3/3
  1056 | D:2      | Found a glowing golden altar of the Shining One.
  1065 | D:2      | Reached skill level 1 in Invocations
  1484 | D:2      | Found a stormy altar of Qazlal.
  1602 | D:3      | Noticed Terence
  1604 | D:3      | Reached skill level 1 in Short Blades
  1604 | D:3      | Reached skill level 1 in Long Blades
  1604 | D:3      | Reached skill level 1 in Axes
  1604 | D:3      | Reached skill level 1 in Polearms
  1604 | D:3      | Reached skill level 1 in Staves
  1604 | D:3      | Reached skill level 1 in Slings
  1604 | D:3      | Reached skill level 1 in Bows
  1604 | D:3      | Reached skill level 1 in Crossbows
  1604 | D:3      | Reached skill level 1 in Dodging
  1604 | D:3      | Reached skill level 1 in Shields
  1604 | D:3      | Reached skill level 1 in Unarmed Combat
  1604 | D:3      | Reached skill level 1 in Spellcasting
  1604 | D:3      | Reached skill level 1 in Evocations
  1626 | D:3      | Slain by Terence

Vault maps used:
D:1:      lemuel_arrival_tunnels, minmay_tetromino_s2
D:2:      nicolae_qazlal_eye_of_the_storm, tso_metal_star
D:3:      first_bread, uniq_jessica, uniq_grinder, uniq_terence

Skill      XL: |  1  2  3 |
---------------+----------+-----
Fighting       | | 10.3
Invocations    | 1 |  1.0
Short Blades   | 1 |  1.0
Long Blades    | 1 |  1.0
Axes           | 1 |  1.0
Polearms       | 1 |  1.0
Staves         | 1 |  1.0
Slings         | 1 |  1.0
Bows           | 1 |  1.0
Crossbows      | 1 |  1.0
Dodging        | 1 |  1.0
Shields        | 1 |  1.0
Unarmed Combat | 1 |  1.0
Spellcasting   | 1 |  1.0
Evocations     | 1 |  1.0
Maces & Flails | |  2.6
Throwing       | |  2.6
Armour         | |  2.6
Stealth        | |  4.2
Conjurations   | |  0.7
Hexes          | |  0.7
Charms         | |  0.7
Summonings     | |  0.7
Necromancy     | |  0.7
Translocations | |  0.7
Transmutations | |  0.7
Fire Magic     | |  0.7
Ice Magic      | |  0.7
Air Magic      | |  0.7
Earth Magic    | |  0.7
Poison Magic   | |  0.7

Action                   || total
-------------------------++-------
Melee: Mace              ||   135
       Bite              ||    13
       Punch             ||     1
  Eat: Chunk             ||     2
Armor: Ring mail         ||    61
Dodge: Dodged            ||    61
Block: Shield            ||    42

Table legend:
 A = Spawn XP
 B = Non-spawn XP
 C = Spawn XP percentage of total XP
 D = Spawn monster count
 E = Non-spawn monster count
 F = Spawn count percentage of total count
 G = Total turns spent on level
                    A         B        C        D         E        F      G
               +---------+---------+-------+---------+---------+-------+---------
         Total |       0 |      76 |   0.0 |       0 |      44 |   0.0 |  1626
               +---------+---------+-------+---------+---------+-------+---------
           D:1 |       0 |      37 |   0.0 |       0 |      24 |   0.0 |   689
           D:2 |       0 |      37 |   0.0 |       0 |      19 |   0.0 |   909
           D:3 |       0 |       2 |   0.0 |       0 |       1 |   0.0 |    28
               +---------+---------+-------+---------+---------+-------+---------
